 Dungeon Crawl Stone Soup version 0.22.0-6-g71bd7aa (webtiles) character file.

2012 Hildebrand the Fighter (level 9, -1/86 HPs)
             Began as a Minotaur Berserker on Aug 15, 2018.
             Was an Elder of Trog.
             Killed from afar by an electric eel (6 damage)
             ... with a bolt of electricity
             ... on level 7 of the Dungeon.
             The game lasted 00:25:33 (6616 turns).

Hildebrand the Fighter (Minotaur Berserker)         Turns: 6616, Time: 00:25:34

Health: -1/86      AC: 10    Str: 18    XL:     9   Next: 2%
Magic:  8/8        EV: 13    Int:  7    God:    Trog [****..]
Gold:   304        SH:  0    Dex: 17    Spells: 8/8 levels left

rFire    . . .     SeeInvis +   u - +7 trident of the Pharaoh's Fist {pierce, +Blink SInv}
rCold    + + +     Gourm    .   (no shield)
rNeg     . . .     Faith    .   r - +1 leather armour of the Arcane {rC+++ Str-4 Dex+7 Stlth+}
rPois    .         Spirit   .   (helmet restricted)
rElec    .         Reflect  .   (no cloak)
rCorr    .         Harm     .   l - +0 pair of gloves
MR       ++...                  f - +0 pair of boots
Stlth    ++........             (no amulet)
HPRegen  1.24/turn              d - +4 ring of protection
MPRegen  0.11/turn              s - +1 ring of evasion

@: regenerating, hasted, very quick
A: retaliatory headbutt, horns 2
a: Berserk, Trog's Hand, Brothers in Arms, Renounce Religion, Evoke Blink


You were on level 7 of the Dungeon.
You worshipped Trog.
Trog was greatly pleased with you.
You were very hungry.

You visited 2 branches of the dungeon, and saw 8 of its levels.

You collected 304 gold pieces.

Inventory:

Hand Weapons
 a - a +0 hand axe
 t - a -3 war axe
 u - the +7 trident of the Pharaoh's Fist (weapon) {pierce, +Blink SInv}
   (You found it on level 6 of the Dungeon)

   It inflicts extra damage upon your enemies.
   It lets you see invisible.
   It lets you blink.
Missiles
 o - 7 tomahawks (quivered)
Armour
 f - a +0 pair of boots (worn)
 g - a +1 ring mail
 l - a +0 pair of gloves (worn)
 r - the +1 leather armour of the Arcane (worn) {rC+++ Str-4 Dex+7 Stlth+}
   (You found it on level 6 of the Dungeon)

   It affects your strength (-4).
   It affects your dexterity (+7).
   It renders you almost immune to cold.
   It makes you more stealthy.
Jewellery
 d - a +4 ring of protection (left hand)
 s - a +1 ring of evasion (right hand)
Scrolls
 b - a scroll of enchant armour
 j - a scroll of teleportation
 n - 2 scrolls of fog
 v - 2 scrolls of amnesia
 w - a scroll of remove curse
Potions
 e - 3 potions of curing
 h - a potion of heal wounds
 i - a potion of haste
 k - 3 potions of agility
 p - a potion of might {unknown}
 q - a potion of brilliance {unknown}
Comestibles
 c - 10 rations


   Skills:
 * Level 10.5 Fighting
 * Level 10.5 Axes
 - Level 2.4 Armour
 - Level 2.1 Dodging


You had 8 spell levels left.
You didn't know any spells.
Your spell library was empty.

Dungeon Overview and Level Annotations

Branches:
Dungeon (7/15)             Temple (1/1) D:5

Altars:
Nemelex Xobeh
Okawaru
Trog
Xom

Shops:
D:4 :*=


Innate Abilities, Weirdness & Mutations

You reflexively headbutt those who attack you in melee.
You have a pair of horns on your head.


Message History

A leopard gecko comes into view.
The electric eel shoots out a bolt of lightning at you!
The bolt of electricity hits the plant.
The bolt of electricity hits you!
The electric eel shoots out a bolt of lightning at you!
The bolt of electricity hits the plant.
The bolt of electricity hits you!
* * * LOW HITPOINT WARNING * * *
You feel yourself speed up.
You feel the effects of Trog's Hand fading.
The electric eel shoots out a bolt of lightning at you!
The bolt of electricity hits you!
* * * LOW HITPOINT WARNING * * *
The bolt of electricity hits the plant.
An electric eel comes into view.
An electric eel comes into view.
The electric eel shoots out a bolt of lightning at you!
The bolt of electricity hits the plant.
The bolt of electricity hits you!
* * * LOW HITPOINT WARNING * * *
The electric eel shoots out a bolt of lightning at you!
The bolt of electricity hits you!
You die...

♣♣♣≈≈≈≈≈.≈≈≈♣
♣P≈≈≈≈≈≈.≈P♣ ....
♣≈≈≈≈≈≈≈.≈≈♣ ...#
P≈P≈≈≈≈≈.≈≈♣♣ ...####
P≈≈≈≈≈≈≈.≈;≈♣♣♣♣.<.≈≈≈♣P
#♣≈≈≈≈≈≈.≈≈≈≈PPP♣≈♣≈≈≈≈≈
#.♣≈≈≈≈≈.≈≈≈P≈≈≈≈≈≈≈≈PP≈
#.#♣P≈≈≈.≈≈≈;≈≈≈≈≈≈≈≈≈≈≈
#.##≈≈≈.........@.......
#.###♣≈..≈P≈≈P≈≈PP≈≈≈P≈≈
### #.#
##..#♣♣≈≈≈P♣♣♣♣≈P≈P #..
#.# #.## ♣♣♣♣♣≈♣ ;;≈ #..
#.# #.####♣♣ ... ≈ ...
#.# #......# #### #..
#.# ######.# .. #.# #.#
#.#.#


You could see 4 electric eels.

Vanquished Creatures
  A water moccasin (D:2)
  An orc warrior (D:6)
  An ice beast (D:6)
  An ogre (D:6)
  Blork the orc (D:4)
  3 bullfrogs
  A gnoll sergeant (D:6)
  A scorpion (D:5)
  3 wights (D:6)
  5 electric eels (D:7)
  A crimson imp (D:7)
  A gnoll shaman (D:5)
  6 orc priests
  2 bullfrog skeletons
  A centaur skeleton (D:4)
  A hound (D:7)
  An iguana (D:6)
  5 orc wizards
  2 worker ants
  13 gnolls
  14 adders
  2 shadow imps
  2 oozes
  An adder zombie (D:6)
  An adder skeleton (D:4)
  2 worms (D:3)
  A dart slug (D:2)
  2 leopard geckos (D:2)
  14 orcs
  3 giant cockroaches
  10 goblins
  7 hobgoblins
  7 jackals (D:6)
  2 quokkas
  7 bats
  4 frilled lizards
  7 kobolds
  11 rats
148 creatures vanquished.

Vanquished Creatures (others)
  A plant (D:7)
1 creature vanquished.

Grand Total: 149 creatures vanquished

Notes
Turn   | Place    | Note
-------+----------+-------------------------------------------
     0 | D:1      | Hildebrand the Minotaur Berserker began the quest for the Orb.
     0 | D:1      | Reached XP level 1. HP: 19/19 MP: 0/0
   464 | D:1      | Reached XP level 2. HP: 27/27 MP: 1/1
   836 | D:2      | Noticed a water moccasin
   849 | D:2      | HP: 2/40 [water moccasin (6)]
   850 | D:2      | Killed a water moccasin
   850 | D:2      | Reached skill level 5 in Fighting
   850 | D:2      | Reached skill level 5 in Axes
   850 | D:2      | Reached XP level 3. HP: 4/36 MP: 2/2
   850 | D:2      | Reached XP level 4. HP: 4/42 MP: 3/3
   854 | D:2      | HP: 2/42 [poisoned by a water moccasin]
  1135 | D:2      | Reached XP level 5. HP: 43/48 MP: 4/4
  1227 | D:2      | Found a shimmering altar of Xom.
  1485 | D:2      | Reached ** piety under Trog
  1781 | D:2      | Found a bloodstained altar of Trog.
  2136 | D:3      | Reached XP level 6. HP: 57/57 MP: 5/5
  2396 | D:3      | Found an iron altar of Okawaru.
  2720 | D:4      | Reached *** piety under Trog
  2786 | D:4      | Found Xoucaugoha's Jewellery Boutique.
  2993 | D:4      | Found Dum Seitaohi's Book Emporium.
  3015 | D:4      | Reached XP level 7. HP: 62/66 MP: 6/6
  3212 | D:4      | Noticed Blork the orc
  3220 | D:4      | Killed Blork the orc
  3300 | D:4      | Found Ygum's Assorted Antiques.
  3519 | D:5      | Entered Level 5 of the Dungeon
  4256 | D:5      | Found a staircase to the Ecumenical Temple.
  4272 | Temple   | Entered the Ecumenical Temple
  4374 | D:6      | Got a crude leather armour
  4385 | D:6      | Identified the +1 leather armour of the Arcane {rC+++ Str-4 Dex+7 Stlth+} (You found it on level 6 of the Dungeon)
  4406 | D:6      | Reached XP level 8. HP: 4/77 MP: 7/7
  4950 | D:6      | Got a scorched trident
  4955 | D:6      | Identified the +7 trident of the Pharaoh's Fist {pierce, +Blink SInv} (You found it on level 6 of the Dungeon)
  5332 | D:6      | Reached **** piety under Trog
  5488 | D:6      | Reached skill level 10 in Axes
  5624 | D:7      | Reached skill level 10 in Fighting
  6182 | D:7      | Reached XP level 9. HP: 32/86 MP: 8/8
  6616 | D:7      | Killed from afar by an electric eel

Skill      XL: |  1  2  3  4  5  6  7  8 |
---------------+-------------------------+-----
Fighting       | 4 5 6 7 8 10 | 10.5
Axes           | 4 5 6 7 8 10 | 10.5
Armour         | |  2.4
Dodging        | |  2.1

Action                   |  1- 3 |  4- 6 |  7- 9 || total
-------------------------+-------+-------+-------++-------
Melee: Hand axe          |    39 |   162 |   132 ||   333
       Headbutt          |     1 |    33 |    28 ||    62
       Trident           |       |       |    59 ||    59
Invok: Berserk           |     1 |       |     1 ||     2
       Trog's Hand       |       |     2 |     5 ||     7
  Use: Potion            |       |     1 |     2 ||     3
       Scroll            |       |     8 |     7 ||    15
 Stab: Sleeping          |     1 |       |     1 ||     2
  Eat: Chunk             |       |     8 |    10 ||    18
       Ration            |       |       |     1 ||     1
Armor: Animal skin       |     3 |    12 |       ||    15
       Ring mail         |       |    46 |    30 ||    76
       Leather armour    |       |       |    31 ||    31
Dodge: Dodged            |    27 |   107 |   104 ||   238
